 Dungeon Sprint DCSS version 0.26.1-10-gdfb7c7de75 (webtiles) character file.

Game seed: 369210510222254461

64302 phalm the Wrestler (level 14, -3/246 (253) HPs)
             Began as a Troll Berserker on Apr 8, 2021.
             Was a High Priest of Trog.
             Slain by Ereshkigal (25 damage)
             ... in the Dungeon (Sprint IX: "|||||||||||||||||||||||||||||").
             The game lasted 00:16:54 (4093 turns).

phalm the Wrestler (Troll Berserker)                Turns: 4093, Time: 00:16:54

HP:   -3/246 (253)  AC: 21    Str: 28    XL:     14   Next: 71%
MP:   13/13         EV: 18    Int:  3    God:    Trog [*****.]
Gold: 1889          SH:  0    Dex: 13    Spells: 13/13 levels left

rFire    . . .     SeeInvis .     - Unarmed
rCold    + + .     Faith    .   (no shield)
rNeg     . . .     Spirit   .   w - +1 ice dragon scales
rPois    .         Reflect  .   (helmet restricted)
rElec    .         Harm     .   q - +0 cloak
rCorr    +         Rampage  .   (gloves unavailable)
Will     +....     NoTele   +   (boots unavailable)
Stlth    ..........             (no amulet)
HPRegen  0.91/turn              n - ring of resist corrosion
MPRegen  0.13/turn              u - ring of protection from fire

@: berserking (expiring), silenced, lightly drained, very quick
A: large, unfitting armour, claws 3, regeneration 1, shaggy fur 1, tough skin 3
a: Renounce Religion


You were in the Dungeon.
You worshipped Trog.
Trog was extremely pleased with you.
You visited 1 branch You collected 1934 gold pieces.
You spent 45 gold pieces at shops.

Inventory:

Armour
 q - a +0 cloak (worn)
 w - +1 ice dragon scales (worn)
Jewellery
 k - a +2 ring of protection
 l - a +3 ring of strength
 n - a ring of resist corrosion (left claw)
 t - an uncursed ring of protection from cold
 u - a ring of protection from fire (right claw)
 v - an uncursed ring of see invisible
Wands
 j - a wand of iceblast (10)
Scrolls
 g - a scroll of blinking
 i - 5 scrolls of remove curse
 m - 4 scrolls of identify
 o - 3 scrolls of fear
 p - a scroll of enchant weapon
 x - 2 scrolls of enchant armour
Potions
 a - a potion of flight {unknown}
 b - 8 potions of curing
 c - 8 potions of heal wounds
 d - a potion of haste
 e - 4 potions of magic
 f - 2 potions of berserk rage
 h - a potion of invisibility
 r - a potion of attraction
 s - a potion of ambrosia {unknown}


   Skills:
 + Level 18.2 Fighting
 + Level 6.5 Throwing
 * Level 14.1 Armour
 + Level 18.2 Dodging
 + Level 21.0 Unarmed Combat


You had 13 spell levels left.
You didn't know any spells.
Your spell library was empty.

Dungeon Overview and Level Annotations

Branches:
Dungeon (1/1)

Altars:
Cheibriados
Dithmenos
Elyvilon
Fedhas
Gozag
Hepliaklqana
Kikubaaqudgha
Makhleb
Nemelex Xobeh
Okawaru
Qazlal
Ru
Sif Muna
Trog
Uskayaw
Vehumet
Wu Jian
Xom
Yredelemnul
Zin
The Shining One
Beogh
Jiyva
Lugonu

Shops:
D [(*}

Annotations:
D Ereshkigal


Innate Abilities, Weirdness & Mutations

You are too large for most types of armour.
You have claws for hands.
Your natural rate of healing is unusually fast.
You are covered in fur. (AC +1)
You have extremely tough skin. (AC +3)


Message History

You barely miss Ereshkigal. Your claw misses Ereshkigal.
Ereshkigal is severely wounded.
Ereshkigal gestures at you. You resist with almost no effort.
You closely miss Ereshkigal.
Ereshkigal is severely wounded.
Ereshkigal gestures.
Ereshkigal's surroundings become eerily quiet.
You eviscerate Ereshkigal!!!
Ereshkigal is almost dead.
You miss Ereshkigal.
Ereshkigal is almost dead.
Ereshkigal hits you but does no damage.
You mangle Ereshkigal!!
Ereshkigal is almost dead.
You completely miss Ereshkigal. Your claw misses Ereshkigal.
Ereshkigal is almost dead.
Your skin stops crawling.
You feel less strong-willed. Ereshkigal hits you!!
You die...

,,,,,+,,,,,,,,,,,,,+,,,,,,,*
**************************,*
,,,,,,,,,,,,,,,,,,,,,,,,,,,*
****************************
,,,,,,,,,,,,,,+,,,,,,,,,,,,*
**************************,*
,,,,,,,,,,,,,,,,,,,,,,,,,,,*
▓▓▓▓▓▓▓▓▓▓▓▓▓▓▓▓▓▓▓▓▓▓▓▓▓▓▓▓
.§§.÷&§)))).(..&@..........▓
▓▓▓▓▓▓▓▓▓▓▓▓▓▓▓▓▓▓▓▓▓▓▓▓▓▓.▓
...........................▓
▓▓▓▓▓▓▓▓▓▓▓▓▓▓▓▓▓▓▓▓▓▓▓▓▓▓▓▓
.).....))))'(........).....▓
▓▓▓▓▓▓▓▓▓▓▓▓▓▓▓▓▓▓▓▓▓▓▓▓▓▓.▓
....)................).....▓
▓▓▓▓▓▓▓▓▓▓▓▓▓▓▓▓▓▓▓▓▓▓▓▓▓▓▓▓
[[..))))))))..=..'.........▓


You could see Ereshkigal (silencing).

Vanquished Creatures
  Sojobo (D)
  A lich (D)
  Agnes (D)
  A nagaraja (D)
  A fire giant (D)
  3 frost giants (D)
  A vault warden (D)
  3 very ugly things (D)
  An ironheart preserver (D)
  A red draconian (D)
  A spark wasp (D)
  2 ettins (D)
  An eleionoma (D)
  A fire dragon (D)
  An ogre mage (D)
  A vault guard (D)
  Erolcha (D)
  3 ice dragons (D)
  An alligator snapping turtle (D)
  A hydra (D)
  A death knight (D)
  A two-headed ogre (D)
  2 centaur warriors (D)
  5 orc high priests (D)
  Urug (D)
  A deep elf knight (D)
  A spriggan druid (D)
  An unseen horror (D)
  A goliath frog (D)
  A glowing orange brain (D)
  A wizard (D)
  5 orc knights (D)
  A swamp dragon (D)
  3 ironbrand convokers (D)
  A naga ritualist (D)
  2 necromancers (D)
  An ugly thing (D)
  2 mana vipers (D)
  A will-o-the-wisp (D)
  3 wolf spiders (D)
  A manticore (D)
  4 black mambas (D)
  2 elephants (D)
  A naga mage (D)
  Psyche (D)
  8 cane toads (D)
  2 komodo dragons (D)
  A kobold demonologist (D)
  A freezing wraith (D)
  A tengu conjurer (D)
  3 merfolk (D)
  2 yaktaurs (D)
  A hornet (D)
  3 jumping spiders (D)
  4 blink frogs (D)
  3 snapping turtles (D)
  2 redbacks (D)
  A tarantella (D)
  5 yaks (D)
  A yak (shapeshifter) (D)
  Grum (D)
  A wyvern (shapeshifter) (D)
  Eustachio (D)
  A naga (D)
  2 water moccasins (D)
  An ice beast (D)
  A sky beast (D)
  A black bear (D)
  An eye of draining (D)
  A phantom (D)
  14 orc warriors (D)
  4 wolves (D)
  3 centaurs (D)
  An ogre (D)
  A bullfrog (D)
  2 jellies (D)
  An orc priest (D)
  A hound (D)
  A worker ant (D)
  6 orc wizards (D)
  An adder (D)
  An adder zombie (D)
  An adder simulacrum (D)
  7 orcs (D)
  A goblin (D)
  A jackal (D)
  A bat (D)
  A bat simulacrum (D)
  2 kobolds (D)
  A leopard gecko zombie (D)
  A rat (D)
172 creatures vanquished.

Vanquished Creatures (collateral kills)
  A green draconian (D)
  A bunyip (D)
  2 yaktaur captains (D)
  A centaur warrior (D)
  An ogre mage (D)
  5 orc high priests (D)
  A bog body (D)
  3 orc knights (D)
  An ugly thing (D)
  A freezing wraith (D)
  A tyrant leech (D)
18 creatures vanquished.

Grand Total: 190 creatures vanquished

Notes
Turn   | Place    | Note
-------+----------+-------------------------------------------
     0 | D        | phalm the Troll Berserker began the quest for the Orb.
     0 | D        | Reached XP level 1. HP: 22/22 MP: 0/0
    13 | D        | Reached ** piety under Trog
    23 | D        | Noticed an ice beast
    23 | D        | Noticed a phantom
    27 | D        | Killed a phantom
    28 | D        | Reached skill level 5 in Unarmed Combat
    28 | D        | Reached XP level 2. HP: 33/33 MP: 1/1
    28 | D        | Reached XP level 3. HP: 41/41 MP: 2/2
    28 | D        | Reached XP level 4. HP: 49/49 MP: 3/3
    30 | D        | Reached *** piety under Trog
    36 | D        | Killed an ice beast
    37 | D        | Reached skill level 5 in Fighting
    37 | D        | Reached skill level 5 in Dodging
    37 | D        | Reached skill level 7 in Unarmed Combat
    37 | D        | Reached XP level 5. HP: 37/59 MP: 4/4
    90 | D        | Found a roughly hewn altar of Beogh.
    90 | D        | Found a snail-covered altar of Cheibriados.
    90 | D        | Found a shadowy altar of Dithmenos.
    90 | D        | Found a white marble altar of Elyvilon.
    90 | D        | Found a blossoming altar of Fedhas.
    90 | D        | Found an opulent altar of Gozag.
    91 | D        | Found a hazy altar of Hepliaklqana.
    92 | D        | Found a viscous altar of Jiyva.
    93 | D        | Found an ancient bone altar of Kikubaaqudgha.
    94 | D        | Found a corrupted altar of Lugonu.
    95 | D        | Found a burning altar of Makhleb.
    96 | D        | Found a sparkling altar of Nemelex Xobeh.
    97 | D        | Found an iron altar of Okawaru.
    98 | D        | Found a stormy altar of Qazlal.
    99 | D        | Found a sacrificial altar of Ru.
   100 | D        | Found a shimmering blue altar of Sif Muna.
   101 | D        | Found a bloodstained altar of Trog.
   102 | D        | Found a hide-covered altar of Uskayaw.
   103 | D        | Found a radiant altar of Vehumet.
   104 | D        | Found an ornate altar of the Wu Jian Council.
   105 | D        | Found a shimmering altar of Xom.
   106 | D        | Found a basalt altar of Yredelemnul.
   107 | D        | Found a glowing silver altar of Zin.
   108 | D        | Found a glowing golden altar of the Shining One.
   146 | D        | Noticed a sky beast
   146 | D        | Noticed an ogre
   146 | D        | Noticed an eye of draining
   146 | D        | Noticed an orc warrior
   154 | D        | Killed an orc warrior
   154 | D        | Reached **** piety under Trog
   155 | D        | Reached skill level 8 in Unarmed Combat
   155 | D        | Reached XP level 6. HP: 68/68 MP: 0/5
   163 | D        | Reached ***** piety under Trog
   164 | D        | Reached skill level 9 in Unarmed Combat
   168 | D        | Killed a sky beast
   169 | D        | Reached XP level 7. HP: 69/79 MP: 1/6
   221 | D        | Killed an unseen horror
   222 | D        | Reached skill level 10 in Unarmed Combat
   222 | D        | Reached XP level 8. HP: 92/92 MP: 7/7
   222 | D        | Received a gift from Trog
   229 | D        | Reached skill level 11 in Unarmed Combat
   378 | D        | Noticed a cane toad
   381 | D        | Noticed an elephant
   382 | D        | Killed a cane toad
   386 | D        | Noticed a cane toad
   394 | D        | Received a gift from Trog
   395 | D        | Reached skill level 10 in Fighting
   395 | D        | Reached skill level 10 in Dodging
   397 | D        | Noticed a cane toad
   401 | D        | Reached skill level 12 in Unarmed Combat
   401 | D        | Reached XP level 9. HP: 71/101 MP: 8/8
   406 | D        | Killed an elephant
   412 | D        | HP: 5/153 [cane toad (20)]
   413 | D        | Killed a cane toad
   415 | D        | Killed a cane toad
   416 | D        | Reached skill level 13 in Unarmed Combat
   417 | D        | HP: 3/105 [poisoned by a cane toad]
   422 | D        | HP: 3/105 [poisoned by a cane toad]
   569 | D        | Noticed a komodo dragon
   569 | D        | Noticed a cane toad
   569 | D        | Noticed a komodo dragon
   569 | D        | Noticed a black mamba
   573 | D        | Noticed a cane toad
   576 | D        | Killed a black mamba
   579 | D        | Reached ****** piety under Trog
   579 | D        | Received a gift from Trog
   581 | D        | Noticed an elephant
   582 | D        | Killed a komodo dragon
   583 | D        | Reached XP level 10. HP: 115/115 MP: 9/9
   585 | D        | Killed a cane toad
   590 | D        | Killed a cane toad
   591 | D        | Reached skill level 14 in Unarmed Combat
   596 | D        | Killed an elephant
   642 | D        | Noticed a cane toad
   642 | D        | Noticed a cane toad
   643 | D        | Noticed a cane toad
   648 | D        | Killed a cane toad
   648 | D        | Received a gift from Trog
   653 | D        | Killed a cane toad
   658 | D        | Killed a cane toad
   848 | D        | Noticed Urug
   869 | D        | Killed Urug
   869 | D        | Received a gift from Trog
   870 | D        | Reached skill level 15 in Unarmed Combat
   930 | D        | Noticed Eustachio
   940 | D        | Killed Eustachio
  1007 | D        | Reached XP level 11. HP: 127/127 MP: 10/10
  1014 | D        | Received a gift from Trog
  1031 | D        | Received a gift from Trog
  1109 | D        | Received a gift from Trog
  1254 | D        | Found Qyorph's Gadget Boutique.
  1254 | D        | Noticed an orc high priest
  1254 | D        | Noticed an orc high priest
  1254 | D        | Noticed an orc knight
  1254 | D        | Noticed an orc high priest
  1254 | D        | Noticed an orc high priest
  1258 | D        | Killed an orc high priest
  1258 | D        | Received a gift from Trog
  1263 | D        | Killed an orc high priest
  1268 | D        | Killed an orc knight
  1269 | D        | Reached skill level 16 in Unarmed Combat
  1269 | D        | Killed an orc high priest
  1277 | D        | Killed an orc high priest
  1279 | D        | Found Xomuadut's General Store.
  1280 | D        | Noticed an orc high priest
  1280 | D        | Noticed an orc high priest
  1283 | D        | Killed an orc high priest
  1284 | D        | Noticed an orc high priest
  1285 | D        | Killed an orc high priest
  1285 | D        | Received a gift from Trog
  1285 | D        | Noticed an orc knight
  1287 | D        | Killed an orc high priest
  1287 | D        | Noticed an orc knight
  1288 | D        | Killed an orc knight
  1289 | D        | Noticed an orc high priest
  1291 | D        | Killed an orc knight
  1292 | D        | Killed an orc high priest
  1293 | D        | Noticed an orc high priest
  1293 | D        | Killed an orc high priest
  1295 | D        | Found Doulem's Weapon Boutique.
  1297 | D        | Noticed an orc high priest
  1298 | D        | Found Sikoc's Armour Shop.
  1301 | D        | Noticed a sun demon
  1303 | D        | Noticed a sixfirhy
  1307 | D        | Killed an orc high priest
  1363 | D        | Noticed Grum
  1366 | D        | Reached skill level 17 in Unarmed Combat
  1372 | D        | Killed Grum
  1382 | D        | Received a gift from Trog
  1430 | D        | Noticed Psyche
  1434 | D        | Killed Psyche
  1574 | D        | Noticed a two-headed ogre
  1574 | D        | Noticed a wolf spider
  1580 | D        | Killed a wolf spider
  1581 | D        | Reached XP level 12. HP: 140/140 MP: 11/11
  1581 | D        | Noticed a centaur warrior
  1583 | D        | Killed a two-headed ogre
  1585 | D        | Received a gift from Trog
  1587 | D        | Noticed an ice dragon
  1591 | D        | Noticed an ogre mage
  1605 | D        | Reached skill level 15 in Dodging
  1606 | D        | Killed a centaur warrior
  1607 | D        | Reached skill level 15 in Fighting
  1607 | D        | Noticed a centaur warrior
  1618 | D        | Killed an ice dragon
  1648 | D        | Killed a centaur warrior
  1648 | D        | Received a gift from Trog
  1650 | D        | Killed an ogre mage
  1654 | D        | Noticed a fire dragon
  1658 | D        | Noticed a lich
  1663 | D        | Killed a fire dragon
  1664 | D        | Reached skill level 18 in Unarmed Combat
  1672 | D        | Killed a lich
  1734 | D        | Noticed a frost giant
  1744 | D        | Killed a frost giant
  1744 | D        | Received a gift from Trog
  1818 | D        | Noticed Agnes
  1827 | D        | Killed Agnes
  1969 | D        | Noticed a nagaraja
  1979 | D        | Received a gift from Trog
  1983 | D        | Killed a nagaraja
  1984 | D        | Reached skill level 5 in Armour
  1984 | D        | Reached XP level 13. HP: 91/153 MP: 5/12
  2163 | D        | Received a gift from Trog
  2237 | D        | Reached skill level 19 in Unarmed Combat
  2379 | D        | Received a gift from Trog
  2482 | D        | Received a gift from Trog
  2485 | D        | Noticed a spark wasp
  2506 | D        | Killed a spark wasp
  2622 | D        | Noticed an eleionoma
  2627 | D        | Received a gift from Trog
  2634 | D        | Killed an eleionoma
  2646 | D        | Noticed a bunyip
  2660 | D        | Killed a bunyip
  2832 | D        | Noticed Erolcha
  2838 | D        | Killed Erolcha
  3165 | D        | Bought a scroll of magic mapping for 45 gold pieces
  3554 | D        | Noticed a frost giant
  3554 | D        | Noticed a fire giant
  3554 | D        | Noticed an ettin
  3559 | D        | Noticed a red very ugly thing
  3559 | D        | Received a gift from Trog
  3566 | D        | Killed a fire giant
  3567 | D        | Reached skill level 10 in Armour
  3572 | D        | Killed an ettin
  3574 | D        | Noticed a frost giant
  3575 | D        | Killed a frost giant
  3581 | D        | Killed a red very ugly thing
  3584 | D        | Reached skill level 20 in Unarmed Combat
  3587 | D        | Received a gift from Trog
  3596 | D        | Noticed an ettin
  3598 | D        | Killed a frost giant
  3609 | D        | Reached XP level 14. HP: 81/166 MP: 13/13
  3611 | D        | Received a gift from Trog
  3702 | D        | Reached skill level 1 in Throwing
  3805 | D        | Noticed a brown very ugly thing
  3815 | D        | Killed a white very ugly thing
  3847 | D        | Noticed an ironheart preserver
  3860 | D        | Killed an ironheart preserver
  3860 | D        | Received a gift from Trog
  3872 | D        | Received a gift from Trog
  3977 | D        | Noticed a vault warden
  3982 | D        | Noticed a white very ugly thing
  3988 | D        | Killed a vault warden
  3990 | D        | Received a gift from Trog
  3998 | D        | Killed a white very ugly thing
  3999 | D        | Reached skill level 5 in Throwing
  4007 | D        | Noticed Ereshkigal
  4007 | D        | Noticed Sojobo
  4012 | D        | Received a gift from Trog
  4018 | D        | Killed Sojobo
  4019 | D        | Reached skill level 21 in Unarmed Combat
  4033 | D        | Noticed an Ice Fiend
  4037 | D        | HP: 7/169 [Ice Fiend/bolt of cold[Ereshkigal] (8)]
  4067 | D        | Paralysed by Ereshkigal for 2 turns
  4093 | D        | Slain by Ereshkigal

Illustrated notes

Levels and vault maps discovered:
D:        linesprint [early_d, line_temple, items_1, d_10, items_2, lair_1,
          lair_end, items_3, orc_1, orc_end, items_4, d_15, swamp_1, shoals_1,
          snake_1, spider_1, d_20, vaults_1, items_5, swamp_end, shoals_end,
          snake_end, spider_end, vaults_end, d_27, items_6, zot_1, zot_end,
          crypt_end, forest_end, elf_end, slime_end, tomb_end, abyss_end,
          pan_hell_end]

Skill      XL: |  1  2  3  4  5  6  7  8  9 10 11 12 13 14 |
---------------+-------------------------------------------+-----
Fighting       | 4 5 6 7 9 10 11 13 14 16 17 18 | 18.2
Dodging        | 4 5 6 8 9 10 11 13 14 16 17 18 | 18.2
Unarmed Combat | 5 7 8 9 10 12 13 15 17 18 20 21 | 21.0
Armour         | 5 11 14 | 14.1
Throwing       | 6 |  6.5

Action                   |  1- 3 |  4- 6 |  7- 9 | 10-12 | 13-15 || total
-------------------------+-------+-------+-------+-------+-------++-------
Melee: Unarmed           |    14 |    33 |    58 |   225 |   271 ||   601
       Punch             |       |     3 |     6 |    13 |    35 ||    57
Invok: Berserk           |     1 |     1 |     3 |    10 |     7 ||    22
       Trog's Hand       |       |     1 |     3 |     8 |     7 ||    19
       Brothers in Arms  |       |       |       |     3 |     8 ||    11
  Use: Potion            |       |       |     1 |       |     3 ||     4
       Scroll            |       |       |       |       |     2 ||     2
Armor: Animal skin       |     4 |     6 |     7 |    11 |       ||    28
       Ice dragon scales |       |       |       |    35 |    63 ||    98
Dodge: Dodged            |     9 |     7 |    13 |   102 |   119 ||   250
